 Dungeon Crawl Stone Soup version 0.16.1-51-g6203257 (webtiles) character file.

60508 garuda the Slicer (level 15, -3/94 HPs)
             Began as a Kobold Artificer on July 28, 2015.
             Was the Champion of Nemelex Xobeh.
             Slain by a catoblepas (25 damage)
             ... on level 8 of the Lair of Beasts on July 29, 2015.
             The game lasted 02:33:59 (24529 turns).

garuda the Slicer (Kobold Artificer)               Turns: 24529, Time: 02:33:59

Health: -3/94      AC: 14    Str: 12    XL:     15   Next: 38%
Magic:  40/40      EV: 25    Int: 12    God:    Nemelex Xobeh [******]
Gold:   671        SH:  0    Dex: 19    Spells: 1 memorised, 21 levels left

rFire  + . .     SeeInvis .     K - +6 dagger (vamp)
rCold  . . .     Clarity  .     G - +3 leather armour {MR+}
rNeg   . . .     SustAb   .     (no shield)
rPois  .         Gourm    .     B - +0 helmet
rElec  .         Spirit   .     p - +0 cloak
rCorr  .         Warding  .     y - +2 pair of gloves
rMut   .         Stasis   .     n - +2 pair of boots {Stlth+}
MR     ++...                    (no amulet)
Stlth  ++++++++..               e - ring of magical power
                                Y - ring of protection from fire

@: very resistant to hostile enchantments, extraordinarily stealthy
A: carnivore 3
a: Triple Draw, Deal Four, Stack Five, Renounce Religion


You were on level 8 of the Lair of Beasts.
You worshipped Nemelex Xobeh.
Nemelex Xobeh was exalted by your worship.
You were completely stuffed.

You visited 3 branches of the dungeon, and saw 21 of its levels.
You also visited: Labyrinth.

You collected 1118 gold pieces.
You spent 110 gold pieces at shops.

Inventory:

Hand weapons
 K - a +6 vampiric dagger (weapon)
Armour
 n - a +2 pair of boots of stealth (worn)
 p - a +0 cloak (worn)
 y - a +2 pair of gloves (worn)
 B - a +0 helmet (worn)
 G - a +3 leather armour of magic resistance (worn)
 Q - the -4 helmet "Nair" {-Cast rElec Str-2 Int+6 Dex+2}
   (You found it on level 5 of the Lair of Beasts)

   It affects your strength (-2).
   It affects your intelligence (+6).
   It affects your dexterity (+2).
   It insulates you from electricity.
   It prevents spellcasting.
Magical staves
 j - an uncursed staff of cold {unknown}
 V - a cursed staff of earth {unknown}
Jewellery
 b - an uncursed ring of protection from fire
 e - a ring of magical power (right hand)
 i - an uncursed ring of positive energy
 t - an uncursed ring of protection from magic
 A - an uncursed ring of teleportation
 U - a +4 ring of intelligence
 Y - a ring of protection from fire (left hand)
Magical devices
 g - a wand of lightning (0)
 w - a wand of digging (10)
 D - a wand of paralysis (9)
 H - a wand of polymorph (4)
 O - a wand of paralysis (11)
 T - a wand of confusion (10)
Scrolls
 a - a scroll of magic mapping
 k - 5 scrolls of remove curse
 l - 2 scrolls of identify
 r - 3 scrolls of fog
 v - 2 scrolls of amnesia
 F - 5 scrolls of teleportation
 N - 2 scrolls of blinking
Potions
 d - 3 potions of brilliance
 q - 10 potions of curing
 s - 2 potions of might
 C - 3 potions of magic
 I - 4 potions of heal wounds
 J - 2 potions of resistance
 L - 2 potions of agility
 R - 3 potions of restore abilities
 W - a potion of invisibility
 Z - a potion of haste
Books
 u - a book of the Earth

   Spells                             Type                      Level
   a - Leda's Liquefaction            Hexes/Earth                  4
   b - Bolt of Magma                  Conjuration/Fire/Earth       5
   c - Statue Form                    Transmutation/Earth          6
   d - Iron Shot                      Conjuration/Earth            6
   e - Shatter                        Earth                        9
 z - Sif Muna's Reference Book on the Mountains and Transformation
   (You found it in a labyrinth)

   Spells                             Type                      Level
   a - Sandblast                      Earth                        1
   b - Stoneskin                      Transmutation/Earth          2
   c - Stone Arrow                    Conjuration/Earth            3
   d - Passwall                       Transmutation/Earth          3
   e - Petrify                        Transmutation/Earth          4
   f - Bolt of Magma                  Conjuration/Fire/Earth       5
   g - Statue Form                    Transmutation/Earth          6
   h - Shatter                        Earth                        9
 X - Sif Muna's Handbook of the Escort
   (You found it in a labyrinth)

   Spells                             Type                      Level
   a - Summon Small Mammal            Summoning                    1
   b - Call Imp                       Summoning                    2
   c - Call Canine Familiar           Summoning                    3
   d - Summon Demon                   Summoning                    5
   e - Summon Forest                  Summoning/Translocation      5
   f - Monstrous Menagerie            Summoning                    6
   g - Dragon's Call                  Summoning                    9
Miscellaneous
 c - a legendary deck of war {drawn: 3}
 h - a legendary deck of destruction {drawn: 3}
 E - a plain deck of changes {drawn: 12}
Comestibles
 f - 9 meat rations
 x - 2 beef jerkies
 M - 20 royal jellies
 P - 3 slices of pizza


   Skills:
 + Level 11.1 Fighting
 + Level 14.7 Short Blades
   Level 1.2 Crossbows
 - Level 2.1 Throwing
 + Level 3.2 Armour
 + Level 12.1 Dodging
 + Level 13.6 Stealth
 + Level 5.1 Spellcasting
 + Level 9.2 Hexes
 + Level 13.8 Evocations


You had 21 spell levels left.
You knew the following spells:

 Your Spells              Type           Power        Failure   Level  Hunger
b - Confuse               Hex            ####....     1%          3    ###....


Dungeon Overview and Level Annotations

Branches:
Dungeon (12/15)            Temple (1/1) D:5            Lair (8/8) D:10
 Shoals (0/5) Lair:6       Spider (0/5) Lair:5        Slime (0/6) Lair:7
    Orc (0/4) D:11

Altars:
Ashenzari
Cheibriados
Dithmenos
Elyvilon
Fedhas
Gozag
Kikubaaqudgha
Makhleb
Nemelex Xobeh
Okawaru
Qazlal
Ru
Sif Muna
Trog
Vehumet
Xom
Yredelemnul
Zin
The Shining One

Shops:
D:11 *

Annotations:
D:4 ztt's ghost, average MiFi
D:10 Nergalle
D:12 Gastronok


Innate Abilities, Weirdness & Mutations

You are small and have problems with some larger weapons.
You are carnivorous and can eat meat at any time.


Message History

The blink frog blinks!
The blink frog is engulfed in calcifying dust.
The blink frog is moving more slowly.
You puncture the blink frog!
You feel better.
The blink frog is moderately wounded.
The blink frog misses you.
You puncture the blink frog!
You feel better.
The blink frog is heavily wounded.
You puncture the blink frog!
You feel better.
The blink frog is severely wounded.
The blink frog blinks!
The catoblepas gores you!!
* * * LOW HITPOINT WARNING * * *
Evoke which item? (* to show all) (? for menu, Esc to quit)
You draw a card...
It is the Mercenary.
Pay Equsupt's fee of 288 gold?
Uppercase [Y]es or [N]o only, please.
Pay Equsupt's fee of 288 gold?
Equsupt joins your ranks! The catoblepas gores you!!
You die...
Your body glows with a rainbow of weird colours and disappears.

#.##......###P..##
*PP.(####... #.###P...##
##...####...## ###. #.#
###..### ###...##....# ##
#.# ##.§.## ###......## ##
###.## ###..## ##...##PP#
##. .....# ##...#
##..###*### #.. ..#..##
#P..## #..## ### #.. ####..#
##..m###.## ###.## #..
*##..## ##....§@..####....##
#..
#...P####..###Y..FP##.†....#
#.. ##.....##.F##
###P..#......#* #..
#PF8.8F..F.# ##.....##..#
#P. F.8..F.8.### ###.###...#
#.. .....8....#*
#######...#####..
...P..8....# #..###...##
#.... .###...P####
*#P.....## #...P #* ######
###......#####..P


You could see a catoblepas, a blink frog (petrifying) and the friendly Equsupt
the merfolk.

Vanquished Creatures
  A minotaur (Lab)
  Harold (Lair:7)
  5 hydras
  2 catoblepae (Lair:8)
  Erica (Lair:2)
  12 death yaks
  Pikel (D:5)
  6 hill giants
  A manticore (Lair:6)
  An ugly thing (D:11)
  2 griffons
  6 elephants
  Joseph (D:12)
  4 black mambas
  11 spiny frogs
  A gargoyle (D:11)
  6 komodo dragons
  2 fire drakes
  4 wandering mushrooms (Lab)
  A troll (D:10)
  A polar bear (Lair:8)
  A queen bee (Lair:3)
  8 blink frogs
  Grinder (D:4)
  Prince Ribbit (D:5)
  A deep elf mage (D:9)
  2 slime creatures (D:11)
  A shadow (D:10)
  2 basilisks
  A wraith (D:11)
  A redback (Lair:7)
  A spriggan (Lair:7)
  Eustachio (D:6)
  7 vampire mosquitoes
  48 yaks
  5 hippogriffs
  A hungry ghost (D:8)
  A mottled dragon (D:12)
  A wolf (Lair:7)
  Edmund (D:5)
  An insubstantial wisp (Lair:7)
  16 water moccasins
  5 porcupines
  3 black bears
  2 ice beasts
  4 orc warriors
  A phantom (D:5)
  3 sky beasts
  2 wasps (D:9)
  13 crocodiles
  5 ogres
  12 centaurs
  A necrophage (D:10)
  Duvessa (D:5)
  2 boring beetles
  A brain worm (Lair:5)
  9 giant frogs
  8 jellies
  A wyvern skeleton (D:8)
  10 killer bees
  A scorpion (D:9)
  2 electric eels (Lair:4)
  14 wights
  2 centaur zombies
  3 goliath beetles
  Dowan (D:5)
  2 giant frog zombies
  8 crimson imps
  A quasit (D:9)
  7 hounds
  8 orc wizards
  3 orc priests
  A giant frog skeleton (D:10)
  2 iguanas
  10 worker ants
  5 sheep
  A spectral orc (D:10)
  A killer bee zombie (D:9)
  3 hound skeletons
  A mummy (D:8)
  2 worker ant zombies
  84 river rats
  21 adders
  8 gnolls
  2 worms
  2 adder skeletons (D:6)
  An adder zombie (D:6)
  7 giant geckos
  7 oozes
  36 orcs
  3 bat skeletons
  3 giant cockroaches
  15 hobgoblins
  12 jackals
  2 ball pythons
  15 bats
  2 giant gecko skeletons
  5 giant newts
  11 goblins
  A jackal skeleton (D:7)
  13 kobolds
  11 quokkas
  2 quokka skeletons
  A quokka zombie (D:9)
  26 rats
  2 fungi
625 creatures vanquished.

Vanquished Creatures (collateral kills)
  An elemental wellspring (Lair:7)
  2 hydras
  7 death yaks
  A hill giant (D:12)
  An oklob plant (Lair:3)
  A griffon (Lair:6)
  10 elephants
  3 spiny frogs
  A torpor snail (Lair:6)
  A polar bear (Lair:7)
  A fire drake (Lair:7)
  A blink frog (Lair:7)
  3 vampire mosquitoes (Lair:7)
  11 yaks
  2 wolves (Lair:7)
  A water moccasin (Lair:2)
  2 porcupines (Lair:7)
  2 crocodiles
  A boring beetle (Lair:7)
  2 centaurs (D:11)
  3 giant frogs
  10 killer bees
  A wight (D:12)
  An orc priest (D:5)
  4 sheep (Lair:6)
  4 adders (Lair:7)
  9 river rats
  An orc (D:5)
  A jackal zombie (D:9)
  A plant (Lair:7)
89 creatures vanquished.

Vanquished Creatures (others)
  2 very ugly things (Lair:7)
  A centaur warrior (Lair:7)
  An ugly thing (Lair:3)
  A rust devil (Lair:8)
  A yaktaur (D:12)
  A polar bear (Lair:6)
  A basilisk (Lab)
  3 ravens (Lair:3)
  An air elemental (Lair:6)
  3 dancing weapons
  3 water elementals (Lair:7)
  A mottled dragon (Lab)
  3 vampire mosquitoes
  3 slaves (D:5)
  2 hell hounds
  An ice beast (Lab)
  4 centaurs
  5 killer bees
  An orc wizard (D:5)
  An orc (D:5)
  16 fungi
  9 plants
64 creatures vanquished.

Grand Total: 778 creatures vanquished

Notes
Turn   | Place    | Note
--------------------------------------------------------------
     0 | D:1      | garuda, the Kobold Artificer, began the quest for the Orb.
     0 | D:1      | Reached XP level 1. HP: 12/12 MP: 1/1
    64 | D:1      | Reached skill level 4 in Evocations
   213 | D:1      | Reached XP level 2. HP: 10/16 MP: 3/3
   388 | D:1      | Reached XP level 3. HP: 12/20 MP: 5/5
   953 | D:2      | Found an opulent altar of Gozag.
   957 | D:2      | Found a sacrificial altar of Ru.
  1077 | D:2      | Reached XP level 4. HP: 25/25 MP: 7/7
  1730 | D:2      | Reached skill level 5 in Evocations
  1730 | D:2      | Reached XP level 5. HP: 24/29 MP: 9/9
  1970 | D:3      | Reached skill level 1 in Throwing
  1976 | D:3      | Found an iron altar of Okawaru.
  2145 | D:3      | Found a shadowy altar of Dithmenos.
  2226 | D:3      | Found a stormy altar of Qazlal.
  2629 | D:4      | Noticed Grinder
  2639 | D:3      | Reached XP level 6. HP: 31/35 MP: 11/11
  2687 | D:3      | Learned a level 2 spell: Confusing Touch
  2911 | D:4      | Reached skill level 1 in Spellcasting
  3125 | D:4      | Paralysed by Grinder for 4 turns
  3134 | D:4      | Killed Grinder
  3134 | D:4      | Reached skill level 1 in Crossbows
  3134 | D:4      | Reached skill level 1 in Hexes
  3134 | D:4      | Reached XP level 7. HP: 35/40 MP: 13/13
  3165 | D:4      | Noticed ztt's ghost (average MiFi)
  3179 | D:5      | Entered Level 5 of the Dungeon
  3245 | D:5      | Noticed Edmund
  3267 | D:5      | Killed Edmund
  3290 | D:5      | Learned a level 3 spell: Confuse
  3290 | D:5      | Noticed Prince Ribbit
  3296 | D:5      | Killed Prince Ribbit
  3296 | D:5      | Reached skill level 5 in Dodging
  3296 | D:5      | Reached skill level 6 in Evocations
  3296 | D:5      | Reached XP level 8. HP: 25/46 MP: 14/16
  3734 | D:5      | Noticed Pikel
  3889 | D:5      | Killed Pikel
  3889 | D:5      | Reached skill level 5 in Stealth
  4009 | D:5      | Found a staircase to the Ecumenical Temple.
  4024 | Temple   | Entered the Ecumenical Temple
  4278 | D:5      | Reached XP level 9. HP: 34/52 MP: 18/18
  4285 | D:5      | Noticed Duvessa
  4296 | D:5      | Noticed Dowan
  4318 | D:5      | Killed Duvessa
  4318 | D:5      | Reached skill level 7 in Evocations
  4320 | D:5      | Killed Dowan
  5051 | D:6      | Reached skill level 5 in Hexes
  5100 | D:6      | Reached skill level 5 in Fighting
  5114 | D:6      | Noticed Eustachio
  5318 | D:4      | Noticed an ogre
  5333 | D:4      | Killed an ogre
  5608 | D:6      | Killed Eustachio
  6447 | D:7      | Reached XP level 10. HP: 59/59 MP: 21/21
  6632 | D:7      | Reached skill level 8 in Evocations
  7577 | D:8      | Noticed a red ugly thing
  7960 | D:8      | Found a burning altar of Makhleb.
  8183 | D:8      | Noticed a cyclops
  8184 | D:8      | Noticed a cyclops
  8719 | D:9      | Reached skill level 9 in Evocations
  8735 | D:9      | Gained mutation: Your flesh is heat resistant. [potion of beneficial mutation]
  8839 | D:9      | Found a deep blue altar of Sif Muna.
  8840 | D:9      | Found a sparkling altar of Nemelex Xobeh.
  8855 | D:9      | Became a worshipper of Nemelex Xobeh the Trickster
  9120 | D:9      | Received a gift from Nemelex Xobeh
  9147 | D:9      | Reached skill level 5 in Short Blades
  9463 | D:10     | Entered Level 10 of the Dungeon
  9542 | D:10     | Noticed a hill giant
  9576 | D:10     | Killed a hill giant
  9576 | D:10     | Reached XP level 11. HP: 66/66 MP: 23/23
  9960 | D:10     | Found a staircase to the Lair.
 10291 | D:10     | Noticed a hill giant
 10315 | D:10     | Killed a hill giant
 10315 | D:10     | Reached skill level 10 in Evocations
 10473 | D:11     | Found Ateokki's Assorted Antiques.
 10483 | D:11     | Bought a sapphire ring for 110 gold pieces
 10623 | D:11     | Noticed a green ugly thing
 10639 | D:11     | Killed a green ugly thing
 11109 | D:11     | Found a staircase to the Orcish Mines.
 11151 | D:11     | Reached skill level 10 in Stealth
 11321 | D:11     | Noticed a hill giant
 11325 | D:11     | Killed a hill giant
 11325 | D:11     | Reached XP level 12. HP: 74/74 MP: 25/25
 11342 | D:11     | Received a gift from Nemelex Xobeh
 11354 | D:11     | Noticed a hill giant
 11366 | D:11     | Killed a hill giant
 11590 | D:12     | Noticed Joseph
 11619 | D:12     | Killed Joseph
 12034 | D:12     | Reached skill level 10 in Short Blades
 12034 | D:12     | Reached skill level 11 in Evocations
 12168 | D:12     | Noticed a skeletal warrior
 12260 | D:12     | Noticed Gastronok
 12285 | D:12     | Found a stormy altar of Qazlal.
 12778 | D:12     | Noticed a great orb of eyes
 12838 | D:12     | Noticed a skeletal warrior
 13139 | Lair:1   | Entered Level 1 of the Lair of Beasts
 13240 | Lair:1   | Gained mutation: Your body is slowly deteriorating. [potion of mutation]
 13240 | Lair:1   | Gained mutation: You occasionally shout uncontrollably at your foes. [potion of mutation]
 13240 | Lair:1   | Lost mutation: Your flesh is heat resistant. [potion of mutation]
 13241 | Lair:1   | Gained mutation: You are partially covered in rough black scales (AC +4, Dex -1). [potion of mutation]
 13241 | Lair:1   | Gained mutation: Your mind is acute. (Int +2) [potion of mutation]
 13241 | Lair:1   | Gained mutation: You can spit poison. [potion of mutation]
 13810 | Lair:1   | Reached skill level 10 in Dodging
 14060 | Lair:1   | Received a gift from Nemelex Xobeh
 14774 | Lair:2   | Acquired Nemelex Xobeh's first power
 15133 | Lair:2   | Reached XP level 13. HP: 80/80 MP: 27/27
 15443 | Lair:2   | Noticed Erica
 15450 | Lair:2   | Killed Erica
 15455 | Lair:2   | Reached skill level 12 in Short Blades
 15488 | Lair:2   | Received a gift from Nemelex Xobeh
 16201 | Lair:3   | Acquired Nemelex Xobeh's second power
 16220 | Lair:3   | Found an iron altar of Okawaru.
 16304 | Lair:3   | Received a gift from Nemelex Xobeh
 16701 | Lair:3   | Lost mutation: You occasionally shout uncontrollably at your foes. [helix card]
 16779 | Lair:3   | Received a gift from Nemelex Xobeh
 17336 | Lair:4   | Received a gift from Nemelex Xobeh
 17868 | Lair:5   | Got a jewelled helmet
 17884 | Lair:5   | Identified the cursed -4 helmet "Nair" {-Cast rElec Str-2 Int+6 Dex+2} (You found it on level 5 of the Lair of Beasts)
 17920 | Lair:5   | Acquired Nemelex Xobeh's third power
 17927 | Lair:5   | Found a hole to the Spider Nest.
 17989 | Lair:5   | Received a gift from Nemelex Xobeh
 17994 | Lair:5   | Reached skill level 13 in Short Blades
 18129 | Lair:5   | Received a gift from Nemelex Xobeh
 18436 | Lair:6   | Reached skill level 10 in Fighting
 18539 | Lair:6   | Received a gift from Nemelex Xobeh
 18578 | Lair:6   | Found a staircase to the Shoals.
 19042 | Lair:6   | Lost mutation: Your body is slowly deteriorating. [helix card]
 19118 | Lair:6   | Received a gift from Nemelex Xobeh
 19453 | Lair:6   | Reached XP level 14. HP: 67/88 MP: 29/29
 19885 | Lair:7   | Noticed Harold
 19968 | Lair:7   | Received a gift from Nemelex Xobeh
 20074 | Lair:7   | Killed Harold
 20170 | Lair:7   | Received a gift from Nemelex Xobeh
 20290 | Lair:7   | Reached skill level 14 in Short Blades
 20666 | D:10     | Noticed a hill giant
 20769 | D:10     | Noticed Nergalle
 21234 | D:10     | Killed a hill giant
 21560 | Lair:7   | Lost mutation: Your mind is acute. (Int +2) [potion of cure mutation]
 21560 | Lair:7   | Lost mutation: You can spit poison. [potion of cure mutation]
 21560 | Lair:7   | Lost mutation: You are partially covered in rough black scales (AC +4, Dex -1). [potion of cure mutation]
 21565 | Lair:7   | Received a gift from Nemelex Xobeh
 21621 | Lair:7   | Found a staircase to the Slime Pits.
 21684 | Lair:7   | Reached skill level 1 in Armour
 21946 | Lair:7   | Received a gift from Nemelex Xobeh
 22304 | Lair:8   | Entered Level 8 of the Lair of Beasts
 22330 | Lair:8   | Found a labyrinth entrance.
 22340 | Lab      | Entered a labyrinth
 22378 | Lab      | Received a gift from Nemelex Xobeh
 22711 | Lab      | Identified Sif Muna's Reference Book on the Mountains and Transformation
 22719 | Lab      | Identified Sif Muna's Handbook of the Escort (You found it in a labyrinth)
 22825 | Lair:8   | Received a gift from Nemelex Xobeh
 23248 | Lair:8   | Reached XP level 15. HP: 70/93 MP: 30/30
 23767 | Lair:8   | Received a gift from Nemelex Xobeh
 24343 | Lair:8   | Reached skill level 5 in Spellcasting
 24529 | Lair:8   | Hired Equsupt the merfolk for 288 gold.
 24529 | Lair:8   | Slain by a catoblepas

Action                   |  1- 3 |  4- 6 |  7- 9 | 10-12 | 13-15 || total
-------------------------+-------+-------+-------+-------+-------++-------
Melee: Short sword       |    78 |    44 |     9 |       |       ||   131
       Dagger            |     9 |   147 |   303 |  1370 |  1409 ||  3238
       Whip              |       |       |    73 |    64 |       ||   137
 Fire: Arbalest          |       |       |    76 |    62 |       ||   138
Throw: Stone             |     4 |    14 |     3 |       |       ||    21
       Tomahawk          |       |    13 |       |       |       ||    13
       Throwing net      |       |     4 |       |       |       ||     4
 Cast: Confusing Touch   |       |       |     1 |       |       ||     1
       Confuse           |       |       |    18 |   219 |   141 ||   378
Invok: Triple Draw       |       |       |       |       |     3 ||     3
 Abil: Spit Poison       |       |       |       |     9 |     1 ||    10
Evoke: Wand              |     9 |     9 |    29 |    16 |    22 ||    85
       Deck              |       |       |       |    20 |   113 ||   133
  Use: Potion            |       |     1 |       |    15 |     2 ||    18
       Scroll            |       |     5 |       |    17 |    16 ||    38
 Stab: Sleeping          |       |     4 |    10 |    41 |    43 ||    98
       Held in net/web   |       |     3 |       |       |       ||     3
       Paralysed         |       |     2 |       |     1 |       ||     3
       Confused          |       |       |     5 |    80 |    63 ||   148
       Distracted        |       |       |     2 |     3 |    10 ||    15
       Petrified         |       |       |       |       |     5 ||     5
       Petrifying        |       |       |       |       |     2 ||     2
  Eat: Chunk             |     8 |     5 |    15 |    74 |    36 ||   138
       Meat ration       |       |       |       |     1 |     1 ||     2
       Royal jelly       |       |       |       |       |     2 ||     2
